 Dungeon Crawl Stone Soup version 0.21.0-24-g2553a3340b (webtiles) character file.

128 Peloso the Shield-Bearer (level 4, 0/40 HPs)
             Began as a Minotaur Fighter on Jan 21, 2018.
             Killed from afar by Natasha (6 damage)
             ... with a magic dart
             ... on level 2 of the Dungeon.
             The game lasted 00:02:41 (773 turns).

Peloso the Shield-Bearer (Minotaur Fighter)          Turns: 773, Time: 00:02:41

Health: 0/40       AC:  7    Str: 20    XL:     4   Next: 87%
Magic:  3/3        EV:  7    Int:  5    God:
Gold:   45         SH:  9    Dex:  5    Spells: 3/3 levels left

rFire    . . .     SeeInvis .   a - +1 long sword
rCold    . . .     Gourm    .   c - +0 shield
rNeg     . . .     Faith    .   b - +0 scale mail
rPois    .         Spirit   .   (helmet restricted)
rElec    .         Reflect  .   (no cloak)
rCorr    .         Harm     .   (no gloves)
MR       .....                  (no boots)
Stlth    ..........             (no amulet)
HPRegen  0.13/turn              l - -6 ring of dexterity (curse)
MPRegen  0.08/turn              (no ring)

@: no status effects
A: retaliatory headbutt, horns 2
a: no special abilities


You were on level 2 of the Dungeon.
You were not hungry.

You visited 1 branch of the dungeon, and saw 2 of its levels.

You collected 45 gold pieces.

Inventory:

Hand Weapons
 a - a +1 long sword (weapon)
Armour
 b - a +0 scale mail (worn)
 c - a +0 shield (worn)
Jewellery
 l - a cursed -6 ring of dexterity (left hand)
Scrolls
 g - 4 scrolls of teleportation
 i - a scroll of enchant weapon
Potions
 d - a potion of might
 k - 2 potions of heal wounds
 m - 2 potions of resistance {unknown}
 n - a potion of mutation {unknown}
Comestibles
 f - 4 rations


   Skills:
 + Level 4.2 Fighting
 + Level 4.0 Long Blades
 + Level 4.5 Armour
 + Level 0.6 Dodging
 + Level 0.2 Stealth
 + Level 4.6 Shields


You had 3 spell levels left.
You didn't know any spells.

Dungeon Overview and Level Annotations

Branches:
Dungeon (2/15)

Altars:
Ashenzari

Annotations:
D:2 Natasha


Innate Abilities, Weirdness & Mutations

You reflexively headbutt those who attack you in melee.
You have a pair of horns on your head.


Message History

Natasha is almost dead.
Natasha claws you.
* * * LOW HITPOINT WARNING * * *
You closely miss Natasha.
Natasha is almost dead.
You block Natasha's attack.
You barely miss Natasha.
Natasha is almost dead.
Natasha barely misses you.
You riposte.
You hit Natasha but do no damage.
Natasha is almost dead.
Natasha claws you.
* * * LOW HITPOINT WARNING * * *
You closely miss Natasha.
Natasha is almost dead.
Natasha claws you but does no damage.
You closely miss Natasha.
Natasha is almost dead.
Natasha casts a spell at you. The magic dart hits you!
You die...

##...####.####.#.....†###......<
#..........###.##......###...###
#....####..##...##....## #.#..#
#...## #.##.....##..## #.≈≈PPP
#..... #.#.......#.## .≈P≈P≈
#..... #.(..._.....# #.....
#.#.......#.# ##...
#.##.....##.# #. #..##..@##...
##...##h####.# ##...h........#
..........##..# #.............#
..........##..# #..)(.........#
#.=........#..# ................


You could see Natasha.

Vanquished Creatures
  Natasha (twice) (D:2)
  Terence (D:2)
  A gnoll (D:1)
  An ooze (D:2)
  A worm (D:2)
  A dart slug (D:1)
  A leopard gecko (D:2)
  A ball python (D:1)
  7 bats
  A giant cockroach (D:1)
  5 goblins (D:1)
  2 hobgoblins (D:1)
  6 jackals (D:1)
  A kobold (D:1)
  2 frilled lizards (D:1)
  4 rats
37 creatures vanquished.

Notes
Turn   | Place    | Note
-------+----------+-------------------------------------------
     0 | D:1      | Peloso the Minotaur Fighter began the quest for the Orb.
     0 | D:1      | Reached XP level 1. HP: 19/19 MP: 0/0
   148 | D:1      | Reached XP level 2. HP: 27/27 MP: 1/1
   348 | D:1      | Reached XP level 3. HP: 28/33 MP: 2/2
   633 | D:2      | Noticed Natasha
   640 | D:2      | Killed Natasha
   640 | D:2      | Reached XP level 4. HP: 28/40 MP: 3/3
   708 | D:2      | Found a shattered altar of Ashenzari.
   713 | D:2      | Noticed Terence
   713 | D:2      | Noticed Natasha
   725 | D:2      | Killed Terence
   732 | D:2      | Killed Natasha
   755 | D:2      | Noticed Natasha
   773 | D:2      | Killed from afar by Natasha

Skill      XL: |  1  2  3  4 |
---------------+-------------+-----
Shields        | 4 |  4.6
Armour         | 4 |  4.5
Fighting       | 4 |  4.2
Long Blades    | 3 4 |  4.0
Dodging        | |  0.6
Stealth        | |  0.2

Action                   |  1- 3 |  4- 6 || total
-------------------------+-------+-------++-------
Melee: Long sword        |    59 |    32 ||    91
       Headbutt          |    10 |     4 ||    14
  Use: Potion            |     1 |       ||     1
       Scroll            |     5 |       ||     5
Armor: Scale mail        |    33 |     8 ||    41
Dodge: Dodged            |    24 |     8 ||    32
Block: Shield            |    35 |    12 ||    47
       Rpst.: Long sword |     6 |     3 ||     9
